[Event "Early-Titled-Tuesday-Blitz-February-13-2024"]
[Site "Chess.com"]
[Date "2024.02.13"]
[Round "8"]
[White "Statham_01"]
[Black "temus_galaktionov"]
[Result "0-1"]
[WhiteElo "2586"]
[BlackElo "2882"]
[TimeControl "180+1"]
[EndTime "9:30:52 PST"]
[Termination "temus_galaktionov won by resignation"]

1. e4 c6 2. d4 g6 3. Nc3 d6 4. Bf4 Bg7 5. Qd2 Nd7 6. Nf3 e5 7. Bg5 Ngf6 8. O-O-O h6 9. Be3 Ng4 10. Bc4 Nxe3 11. fxe3 O-O 12. h4 Qe7 13. Bb3 Nf6 14. h5 Nxh5 15. Nh4 Qg5 16. Ne2 Bg4 17. Nf3 Qe7 18. Qe1 exd4 19. Ng3 Nxg3 20. Qxg3 Qxe4 21.
exd4 d5 22. Rde1 Qf5 23. Ne5 Qg5+ 24. Kb1 Bf5 25. Qxg5 hxg5 26. g4 Be4 27. Rxe4 dxe4 28. Nxf7 Rxf7 29. Rf1 Rf8 30. c3 Bh8 31. Kc2 Kg7 32.
Bxf7 Rxf7 33. Re1 Rf4 0-1

[Event "Early-Titled-Tuesday-Blitz-February-13-2024"]
[Site "Chess.com"]
[Date "2024.02.13"]
[Round "8"]
[White "Chernov_Alexander_A"]
[Black "yuriydovzik"]
[Result "1-0"]
[WhiteElo "2311"]
[BlackElo "2114"]
[TimeControl "180+1"]
[EndTime "9:30:55 PST"]
[Termination "Chernov_Alexander_A won on time"]

1. d4 c5 2. d5 e6 3. Nc3 Nf6 4. e4 d6 5. Nf3 e5 6. Be2 g6 7.
Nd2 Bg7 8. h4 h5 9. Nc4 a6 10. a4 b6 11. Bg5 Qc7 12. f4 Nfd7 13. f5 gxf5 14. exf5 Nf6 15. Bxf6 Bxf6 16. Ne4 Be7 17.
f6 Bf8 18. Bxh5 Bf5 19. Bf3 Nd7 20. Ncd2 O-O-O 21. Qe2 Kb7 22. g4 Bxe4 23. Nxe4 c4 24. g5 Rc8 25. Kf2 1-0

[Event "Early-Titled-Tuesday-Blitz-February-13-2024"]
[Site "Chess.com"]
[Date "2024.02.13"]
[Round "8"]
[White "jakopogi"]
[Black "Vaathi_Coming"]
[Result "0-1"]
[WhiteElo "2737"]
[BlackElo "2903"]
[TimeControl "180+1"]
[EndTime "9:30:58 PST"]
[Termination "Vaathi_Coming won on time"]

1. d4 Nf6 2. c4 Nc6 3. d5 Ne5 4. Qd4 d6 5. Nc3 c5 6. dxc6 Nxc6 7. Qd2 g6 8. b3 Bg7 9. Bb2 O-O 10. Nf3 Bg4 11. e3 Bxf3 12. gxf3 Qd7 13. h4 Qf5 14. Bg2 Rfd8 15. f4 e5 16. fxe5 dxe5 17. Nd5 e4 18. Bxf6 Bxf6 19. O-O-O Rxd5 20. Qxd5 Qxf2 21. Qd2 Qg3 22.
Bxe4 Qe5 23. Bb1 Rd8 0-1

[Event "Early-Titled-Tuesday-Blitz-February-13-2024"]
[Site "Chess.com"]
[Date "2024.02.13"]
[Round "8"]
[White "DamianoLew95"]
[Black "Hovik_Hayrapetyan"]
[Result "0-1"]
[WhiteElo "2725"]
[BlackElo "2900"]
[TimeControl "180+1"]
[EndTime "9:30:58 PST"]
[Termination "Hovik_Hayrapetyan won by resignation"]

1. e4 c5 2. Nf3 d6 3. Bb5+ Nd7 4. O-O a6 5. Bxd7+ Bxd7 6. Re1 Nf6 7. c3 Bc6 8. d4 Bxe4 9. dxc5 dxc5 10. Qe2 Qd3 11.
Qxd3 Bxd3 12. Bg5 e6 13. Ne5 Bxb1 14. Raxb1 Bd6 15. Bxf6 gxf6 16. Nc4 Bc7 17. a4 O-O-O 18. a5 Rhg8 19. f3 h5 20. Rbd1 f5 21. Rxd8+ Rxd8 22. h3 Bg3 23. Rb1 Kc7 24. Kf1 Kc6 25. Ke2 Kb5 26.
b3 Bc7 27. Ra1 Rg8 28. Kf2 Rd8 29. Ke2 h4 30. Ra2 f4 31. Rd2 Rxd2+ 32. Kxd2 f6 33. Kd3 f5 34. Na3+ Kxa5 35. Kc4 Kb6 36. b4 cxb4 37.
cxb4 Kc6 38. b5+ axb5+ 39. Nxb5 Bb6 40. Nc3 Bc5 41. Nb5 e5 42. Nc3 Bg1 43. Nd5 b5+ 0-1

[Event "Early-Titled-Tuesday-Blitz-February-13-2024"]
[Site "Chess.com"]
[Date "2024.02.13"]
[Round "8"]
[White "tantaan"]
[Black "only_strong_moves"]
[Result "0-1"]
[WhiteElo "2505"]
[BlackElo "2678"]
[TimeControl "180+1"]
[EndTime "9:31:01 PST"]
[Termination "only_strong_moves won by resignation"]

1. e4 e5 2. Nc3 Nf6 3. Bc4 Nc6 4. d3 Be7 5. f4 exf4 6. Bxf4 Na5 7. Bb3 O-O 8. Nf3 d6 9. O-O Nxb3 10. axb3 d5 11. e5 Nh5 12. Be3 f5 13. d4 c6 14. Ne1 g6 15. Nd3 Bg5 16. Qd2 Bxe3+ 17. Qxe3 b6 18. b4 Be6 19. b5 c5 20. Ne2 c4 21. Nb4 Qd7 22. c3 Qxb5 23. Qg5 Qd7 24. Na6 Qg7 25. Nb4 h6 26. Qd2 g5 27. Nc2 f4 28. g3 Bh3 29. Rf2 fxg3 30. Nxg3 Nf4 31. Ne3 Be6 32. Raf1 h5 33. Kh1 h4 34. Ne2 Nd3 35. Rxf8+ Rxf8 36. Rxf8+ Qxf8 37. Ng1 Bf5 38. Qg2 Be4 0-1

[Event "Early-Titled-Tuesday-Blitz-February-13-2024"]
[Site "Chess.com"]
[Date "2024.02.13"]
[Round "8"]
[White "Mikhail_Golubev"]
[Black "Atousa"]
[Result "1-0"]
[WhiteElo "2683"]
[BlackElo "2506"]
[TimeControl "180+1"]
[EndTime "9:31:02 PST"]
[Termination "Mikhail_Golubev won by resignation"]

1. e4 c5 2. Nf3 e6 3. d4 cxd4 4. Nxd4 a6 5. Bd3 Qc7 6. O-O Nf6 7. Qe2 d6 8. c4 Be7 9. Nc3 Nbd7 10. f4 b6 11. f5 Ne5 12. fxe6 fxe6 13. Kh1 O-O 14. b3 b5 15. Bg5 bxc4 16. Bxc4 Nxc4 17. bxc4 Bd7 18. e5 dxe5 19. Nf3 h6 20. Bh4 e4 21.
Nxe4 Nxe4 22. Bxe7 Rf7 23. Qxe4 Bc6 24. Qxe6 Bxf3 25.
Rxf3 Qxe7 26. Qd5 Rf8 27. Raf1 g6 28. Kg1 Kg7 29. Rxf7+ Rxf7 30. Rxf7+ Qxf7 31. Qxf7+ Kxf7 32. Kf2 Ke6 33. Ke3 Ke5 34. Kd3 g5 35. g4 a5 36. a4 Kf4 37. c5 1-0

[Event "Early-Titled-Tuesday-Blitz-February-13-2024"]
[Site "Chess.com"]
[Date "2024.02.13"]
[Round "8"]
[White "GrumbleBruno"]
[Black "ChessFanNM"]
[Result "1-0"]
[WhiteElo "2469"]
[BlackElo "2318"]
[TimeControl "180+1"]
[EndTime "9:31:04 PST"]
[Termination "GrumbleBruno won by resignation"]

1. e4 e5 2. Nf3 Nc6 3. Bb5 a6 4. Ba4 Nf6 5. d4 Nxe4 6. Qe2 d5 7. Nxe5 Be7 8. Nxc6 bxc6 9. Bxc6+ Bd7 10. Bxd5 Nf6 11.
Bxa8 Qxa8 12. O-O Be6 13. c4 c6 14. Nc3 O-O 15. Bf4 Rd8 16. Rfd1 a5 17. Rac1 Bb4 18. Ne4 Nxe4 19. Qxe4 Bf8 20. Be5 Qb7 21. b3 a4 22.
bxa4 Qb4 23. Qxc6 Rc8 24. Qb5 Qa3 25. d5 Bg4 26. Re1 h5 27. h3 Be2 28. Qb3 Bxc4 29. Rxc4 1-0

[Event "Early-Titled-Tuesday-Blitz-February-13-2024"]
[Site "Chess.com"]
[Date "2024.02.13"]
[Round "8"]
[White "isaak2009"]
[Black "Durarbayli"]
[Result "0-1"]
[WhiteElo "2685"]
[BlackElo "2915"]
[TimeControl "180+1"]
[EndTime "9:31:08 PST"]
[Termination "Durarbayli won on time"]

1. e4 e5 2. Nf3 Nc6 3. Bc4 Nf6 4. d3 h6 5. c3 d6 6. a4 g5 7. a5 Bg7 8. Nbd2 Ne7 9. Nf1 c6 10. Bb3 Ng6 11. Ng3 d5 12. a6 bxa6 13. Ba4 Bd7 14. exd5 cxd5 15. Nf5 O-O 16. Bxd7 Qxd7 17. Nxg7 Kxg7 18.
Rxa6 g4 19. Qd2 Rh8 20. Ng1 Qb5 21. Ra3 Nf4 22. Ne2 Nxd3+ 23. Kf1 Nf4 24. g3 Ne4 25. Qe3 Nh3 26. f3 gxf3 27. Qxf3 Nef2 28. Kg2 e4 29.
Qe3 Nxh1 30. Kxh3 Qd3 31. Qxd3 Nf2+ 32. Kg2 Nxd3 33. Be3 Nxb2 34. Bd4+ f6 35. Nf4 Rhe8 36. Ra6 e3 37. Bxf6+ Kf7 38. Kf1 e2+ 39. Ke1 Re6 0-1

[Event "Early-Titled-Tuesday-Blitz-February-13-2024"]
[Site "Chess.com"]
[Date "2024.02.13"]
[Round "8"]
[White "HaryKane"]
[Black "Suleyman_Chess06"]
[Result "1-0"]
[WhiteElo "2591"]
[BlackElo "2751"]
[TimeControl "180+1"]
[EndTime "9:31:08 PST"]
[Termination "HaryKane won by resignation"]

1. d4 d5 2. e3 Nf6 3. f4 c6 4.
Nf3 Bf5 5. Bd3 e6 6. O-O Be7 7. Qe2 Nbd7 8. Nbd2 O-O 9. Ne5 c5 10. c3 c4 11. Bb1 b5 12. e4 dxe4 13. Nxe4 Nxe5 14.
fxe5 Nd5 15. Ng3 Bxb1 16. Rxb1 b4 17. Bd2 bxc3 18. bxc3 Qa5 19. Qg4 Rfb8 20. Bh6 g6 21. Qf3 Rf8 22. Bxf8 Rxf8 23. Ne4 Qa6 24. Rb2 Qc6 25.
Rbf2 Qa4 26. Qh3 Qc6 27. Qh6 f5 28. exf6 Ba3 29. f7+ Kh8 30. Ng5 1-0

[Event "Early-Titled-Tuesday-Blitz-February-13-2024"]
[Site "Chess.com"]
[Date "2024.02.13"]
[Round "8"]
[White "rhungaski"]
[Black "NikitaShnadrygin"]
[Result "0-1"]
[WhiteElo "2499"]
[BlackElo "2638"]
[TimeControl "180+1"]
[EndTime "9:31:08 PST"]
[Termination "NikitaShnadrygin won by resignation"]

1. e4 c5 2. Nf3 e6 3. d4 cxd4 4. Nxd4 Nf6 5. Nc3 Nc6 6. Ndb5 Bb4 7. a3 Bxc3+ 8. Nxc3 d5 9. exd5 exd5 10. Bd3 O-O 11.
O-O Bg4 12. f3 Bh5 13. Bg5 Qb6+ 14. Kh1 Ne4 15. Nxe4 dxe4 16. Bxe4 Qxb2 17. Qd6 Bg6 18. Rab1 Qc3 19. Bd5 Rfd8 20. Bxd8 Rxd8 21. Qc7 Rxd5 22.
Qc8+ Rd8 23. Qxb7 h5 24. Qc7 Rd2 25. Rb8+ Kh7 26. Rc8 Rxc2 27. h4 Qc4 28. Kg1 Qd4+ 0-1

[Event "Early-Titled-Tuesday-Blitz-February-13-2024"]
[Site "Chess.com"]
[Date "2024.02.13"]
[Round "8"]
[White "ErikRonka"]
[Black "TRadjabov"]
[Result "0-1"]
[WhiteElo "2552"]
[BlackElo "3012"]
[TimeControl "180+1"]
[EndTime "9:31:09 PST"]
[Termination "TRadjabov won by resignation"]

1. e4 c5 2. Nf3 Nc6 3. d4 cxd4 4. Nxd4 Nf6 5. Nc3 e5 6. Ndb5 d6 7. Bg5 a6 8. Na3 b5 9. Bxf6 gxf6 10. Nd5 Bg7 11.
Bd3 O-O 12. O-O Ne7 13. Qh5 f5 14. c4 Nxd5 15. cxd5 fxe4 16. Bxe4 f5 17. Bc2 e4 18. Rab1 Ra7 19. Kh1 Re7 20. Rfe1 Qb6 21. f3 e3 22. f4 Qd4 23. Qf3 b4 24. Rbd1 Qxb2 25. Nc4 Qxc2 26.
Nxd6 Bd7 27. Rc1 Qd2 28. Nc4 Qd4 29. Red1 e2 30. Re1 Rc8 31. d6 Re4 32. Qb3 Rxc4 0-1

[Event "Early-Titled-Tuesday-Blitz-February-13-2024"]
[Site "Chess.com"]
[Date "2024.02.13"]
[Round "8"]
[White "kakarot_001"]
[Black "scarabee43"]
[Result "0-1"]
[WhiteElo "2658"]
[BlackElo "2871"]
[TimeControl "180+1"]
[EndTime "9:31:11 PST"]
[Termination "scarabee43 won by resignation"]

1. Nf3 d5 2. g3 Nf6 3. Bg2 e6 4. O-O Be7 5. d3 O-O 6. Nbd2 a5 7. e4 a4 8. a3 b5 9. Re1 c5 10. e5 Nfd7 11. Nf1 Nc6 12. h4 Bb7 13. Bf4 d4 14. h5 h6 15. N1h2 Nb6 16. Ng4 Nd5 17. Bd2 c4 18. Nfh2 cxd3 19. cxd3 Kh8 20. Be4 Na5 21. Qf3 Nb3 22. Bxh6 gxh6 23. Nxh6 f5 24. exf6 Bxf6 25.
N2g4 Qe7 26. Rad1 Bg5 27. Qg2 Qg7 28. Bf3 Ne3 29. Rxe3 dxe3 30. Bxb7 exf2+ 31. Kf1 Ra7 32. Be4 Bxh6 33. Bg6 Rc7 0-1

[Event "Early-Titled-Tuesday-Blitz-February-13-2024"]
[Site "Chess.com"]
[Date "2024.02.13"]
[Round "8"]
[White "guillembaches"]
[Black "Schattman"]
[Result "0-1"]
[WhiteElo "2553"]
[BlackElo "2417"]
[TimeControl "180+1"]
[EndTime "9:31:11 PST"]
[Termination "Schattman won on time"]

1. d4 Nf6 2. Nf3 g6 3. Bg5 Bg7 4. Nbd2 O-O 5. c3 d5 6. e3 h6 7.
Bh4 g5 8. Bg3 Bf5 9. Be2 c6 10.
O-O Nbd7 11. b4 a5 12. a4 Re8 13. Qb3 Ne4 14. Nxe4 Bxe4 15. Nd2 Bg6 16. b5 e5 17. Rfd1 f5 18. dxe5 Nxe5 19. Rac1 Bf7 20. c4 f4 21. exf4 Ng6 22. Bh5 gxf4 23. Bxg6 Bxg6 24. Bxf4 Bf7 25. Qg3 Qf6 26. cxd5 Bxd5 27. bxc6 bxc6 28. Nc4 Re4 0-1

[Event "Early-Titled-Tuesday-Blitz-February-13-2024"]
[Site "Chess.com"]
[Date "2024.02.13"]
[Round "8"]
[White "mishanick"]
[Black "GM_dmitrij"]
[Result "0-1"]
[WhiteElo "2974"]
[BlackElo "3060"]
[TimeControl "180+1"]
[EndTime "9:31:15 PST"]
[Termination "GM_dmitrij won by resignation"]

1. d4 d5 2. c4 e6 3. Nc3 Nf6 4. Bg5 c5 5. cxd5 cxd4 6. Qxd4 Nc6 7. Qd2 exd5 8. Bxf6 Qxf6 9. Nxd5 Qd8 10. e4 Be6 11. a3 Bd6 12. Bc4 O-O 13. Ne2 Qh4 14. Nec3 Ne5 15.
Be2 Bxd5 16. exd5 Rfe8 17. Rd1 Ng4 18. Qd4 f5 19. g3 Qh3 20. Kd2 Be5 21. Bxg4 Qh6+ 22.
Qe3 Bxc3+ 23. bxc3 Rxe3 24. fxe3 fxg4 25. c4 Re8 26.
Rhe1 Qxh2+ 0-1

[Event "Early-Titled-Tuesday-Blitz-February-13-2024"]
[Site "Chess.com"]
[Date "2024.02.13"]
[Round "8"]
[White "RaugintaBulba"]
[Black "jaskol95"]
[Result "0-1"]
[WhiteElo "2431"]
[BlackElo "2583"]
[TimeControl "180+1"]
[EndTime "9:31:20 PST"]
[Termination "jaskol95 won by resignation"]

1. b3 d5 2. Bb2 Bg4 3. h3 Bh5 4.
g4 Bg6 5. e3 e6 6. Be2 Nf6 7. Nf3 Nbd7 8. Ne5 Nxe5 9. Bxe5 Bd6 10. Bb2 h5 11. g5 Ne4 12. h4 f6 13. d3 Nxf2 14. Kxf2 fxg5 15. Bxg7 Rh7 16. Bb2 gxh4 17. Ke1 Qg5 18. Kd2 O-O-O 19. Qg1 Bg3 20. d4 Rf7 21. Na3 Rf2 22. Rf1 Rdf8 23. Rh2 Rxh2 24. Rxf8+ Kd7 25. Kc1 Rxe2 26. Kb1 Re1+ 0-1

[Event "Early-Titled-Tuesday-Blitz-February-13-2024"]
[Site "Chess.com"]
[Date "2024.02.13"]
[Round "8"]
[White "wqws"]
[Black "Antipov_Mikhail_Al"]
[Result "0-1"]
[WhiteElo "2671"]
[BlackElo "2954"]
[TimeControl "180+1"]
[EndTime "9:31:22 PST"]
[Termination "Antipov_Mikhail_Al won by resignation"]

1. e4 c5 2. Nf3 e6 3. d4 cxd4 4.
Nxd4 a6 5. Bd3 Bc5 6. Nb3 Be7 7. O-O Qc7 8. Qe2 d6 9. c4 b6 10.
Nc3 Bb7 11. f4 Nd7 12. Be3 Ngf6 13. Rae1 O-O-O 14. a4 Nc5 15. Nxc5 dxc5 16. a5 bxa5 17. e5 Ng4 18. Be4 Nxe3 19. Qxe3 Rd4 20. Ra1 Rhd8 21. Bxb7+ Qxb7 22. Rxa5 Kb8 23. Raa1 g6 24. Rf2 Rxc4 25. b3 Rcd4 26. Rfa2 c4 27. Rxa6 Bc5 28. b4 Rd1+ 29.
Nxd1 Rxd1+ 0-1

[Event "Early-Titled-Tuesday-Blitz-February-13-2024"]
[Site "Chess.com"]
[Date "2024.02.13"]
[Round "8"]
[White "Arystanner"]
[Black "GasconJR"]
[Result "1/2-1/2"]
[WhiteElo "2797"]
[BlackElo "2569"]
[TimeControl "180+1"]
[EndTime "9:31:23 PST"]
[Termination "Game drawn by repetition"]

1. c4 e6 2. Nf3 Nf6 3. e3 b6 4. b3 Bb7 5. Bb2 Be7 6. Nc3 O-O 7.
Be2 Ne4 8. Qc2 Nxc3 9. Bxc3 d6 10. O-O Nd7 11. d4 f5 12. Nd2 Nf6 13. Bf3 Bxf3 14. Nxf3 Ne4 15. Bb2 Qd7 16. Rfd1 Bf6 17. Rac1 a5 18. c5 a4 19. b4 a3 20. Ba1 Qc6 21.
Nd2 Nxd2 22. Qxd2 Qd5 23. Qc2 b5 24. Rd3 Ra6 25. Qb3 Qxb3 26. Rxb3 d5 27. Bc3 c6 28. Bd2 Kf7 29. f4 g5 30. g3 g4 31. Rcc3 Rfa8 32.
Bc1 Ra4 33. Rxa3 h5 34. Kf1 Rxa3 35. Rxa3 Rxa3 36. Bxa3 Ke7 37. Ke2 Kd7 38. Kd3 Kc8 39. Kc2 Kb7 40. Kb3 Ka6 41. Bc1 h4 42. Bd2 h3 43. a4 Bd8 44. a5 Be7 45. Kc2 Bf6 46.
Kb3 Be7 47. Kc2 Bf6 48. Kb3 Bg7 49. Be1 Bf6 50. Bf2 Be7 51. Kc3 Bd8 52. Kb3 Bc7 53. Kc3 Bd8 54. Kb3 Be7 55. Kc3 Bf6 56. Kb3 Bg7 57. Kc3 Bf6 58. Kb3 1/2-1/2

[Event "Early-Titled-Tuesday-Blitz-February-13-2024"]
[Site "Chess.com"]
[Date "2024.02.13"]
[Round "8"]
[White "treadstone_71"]
[Black "Crazy_girl99"]
[Result "0-1"]
[WhiteElo "2320"]
[BlackElo "2600"]
[TimeControl "180+1"]
[EndTime "9:31:23 PST"]
[Termination "Crazy_girl99 won by resignation"]

1. e4 e5 2. Nf3 Nc6 3. d4 exd4 4. Nxd4 Nf6 5. Nxc6 bxc6 6. e5 Qe7 7. Qe2 Nd5 8. c4 Ba6 9. Nd2 g6 10. b3 Bg7 11.
Bb2 O-O 12. O-O-O Nb6 13. f4 Rfe8 14. Qf2 d5 15. cxd5 Bxf1 16. Rhxf1 Nxd5 17. Ne4 a5 18. g3 a4 19. Qc5 Qe6 20. Rf3 axb3 21. axb3 Qf5 22. Nc3 Bxe5 23. Nxd5 Bxb2+ 24. Kxb2 cxd5 25. Rf2 Qf6+ 26. Qd4 Qa6 27. Kb1 Re2 28. Rxe2 Qxe2 29. Qd2 Qe4+ 30. Qd3 Qg2 31. Qd2 Qf3 32. Qd3 Qf2 33. Qd2 Qa7 34. Qxd5 Qa1+ 35. Kc2 Ra2+ 36. Kd3 Qxd1+ 0-1

[Event "Early-Titled-Tuesday-Blitz-February-13-2024"]
[Site "Chess.com"]
[Date "2024.02.13"]
[Round "8"]
[White "Sychev_Klementy"]
[Black "GOGIEFF"]
[Result "0-1"]
[WhiteElo "2917"]
[BlackElo "3028"]
[TimeControl "180+1"]
[EndTime "9:31:26 PST"]
[Termination "GOGIEFF won by checkmate"]

1. e4 e6 2. d4 d5 3. Nc3 Nf6 4. Bg5 dxe4 5. Nxe4 Be7 6. Bxf6 gxf6 7. Nf3 f5 8. Nc3 c6 9. Bc4 Nd7 10. Qe2 b5 11. Bb3 Bb7 12. O-O-O Qc7 13. d5 cxd5 14.
Rhe1 Nf6 15. Ne5 a6 16. Nxf7 Rf8 17. Ng5 Qf4+ 18. Qe3 Qxe3+ 19. Rxe3 Ng4 20. Rxe6 Kd7 21. Rxe7+ Kxe7 22. Bxd5 Rab8 23. Nxh7 Rh8 24. Ng5 Nxf2 25. Rd2 b4 26. Na4 Bxd5 27. Rxd5 Rxh2 28. b3 Rxg2 29.
Rxf5 Rc8 30. Nb6 Nd3+ 31. Kd1 Rcxc2 32. Nd5+ Kd7 33. Ne4 Rc1# 0-1

[Event "Early-Titled-Tuesday-Blitz-February-13-2024"]
[Site "Chess.com"]
[Date "2024.02.13"]
[Round "8"]
[White "kekic76"]
[Black "BeardedNM"]
[Result "1/2-1/2"]
[WhiteElo "2314"]
[BlackElo "2187"]
[TimeControl "180+1"]
[EndTime "9:31:28 PST"]
[Termination "Game drawn by repetition"]

1. e4 e6 2. d4 d5 3. exd5 exd5 4. Bf4 Bd6 5. Bxd6 Qxd6 6. Bd3 Nf6 7. Nf3 O-O 8. O-O Bg4 9. Nbd2 c6 10. c3 Nbd7 11.
Qc2 Rfe8 12. Rfe1 Bh5 13. a4 Bg6 14. Bxg6 hxg6 15. Nf1 a5 16. Qd2 Ne4 17. Qd3 Qc7 18. Ng3 Ndf6 19. Ne5 Qb6 20. Re2 Re7 21. Rae1 Rae8 22.
Nxe4 Nxe4 23. f3 Rxe5 24. fxe4 Rxe4 25. Rxe4 Rxe4 26. Rxe4 dxe4 27. Qe2 Qb3 28. h3 f5 29. Kh2 Qxa4 30. Qf2 Qb5 31. Qg3 Qxb2 32. Qxg6 Qxc3 33.
Qe8+ Kh7 34. Qh5+ Kg8 35. Qe8+ Kh7 36. Qh5+ Kg8 37. Qe8+ 1/2-1/2

[Event "Early-Titled-Tuesday-Blitz-February-13-2024"]
[Site "Chess.com"]
[Date "2024.02.13"]
[Round "8"]
[White "chessdjw"]
[Black "SharapovEvgeny"]
[Result "1/2-1/2"]
[WhiteElo "2741"]
[BlackElo "2547"]
[TimeControl "180+1"]
[EndTime "9:31:29 PST"]
[Termination "Game drawn by repetition"]

1. e4 c5 2. Nf3 d6 3. d4 cxd4 4. Nxd4 Nf6 5. Nc3 Nc6 6. Bc4 Qb6 7. Nxc6 bxc6 8. O-O g6 9. Qe2 Qc7 10. h3 Bg7 11.
Bf4 Nd7 12. Rad1 O-O 13. Na4 Nb6 14. Bb3 Nxa4 15. Bxa4 Bxb2 16. c3 Bxc3 17. Rc1 Bg7 18. Bxc6 Rb8 19. Qd2 Bb7 20. Bd5 Qd7 21. Rfe1 Bxd5 22.
exd5 Rb2 23. Qa5 Qf5 24. Be3 Bh6 25. Qxa7 Bxe3 26. Qxe3 Rxa2 27. Rc7 Qxd5 28. Rxe7 Rd2 29. Qf4 Rd1 30. Rxd1 Qxd1+ 31. Kh2 Qd5 32. h4 h5 33. Rd7 Qe5 34. Qxe5 dxe5 35. Re7 f6 36. g3 Ra8 37. Kg2 Kf8 38. Rd7 Ra3 39. Rc7 Rb3 40.
Rd7 Ra3 41. Rc7 Rb3 42. Ra7 Rc3 43. Rb7 Rd3 44. Ra7 Rc3 45. Rb7 Rd3 46. Ra7 Rc3 1/2-1/2

[Event "Early-Titled-Tuesday-Blitz-February-13-2024"]
[Site "Chess.com"]
[Date "2024.02.13"]
[Round "8"]
[White "Yeritsyaan"]
[Black "Road2GM3000"]
[Result "1/2-1/2"]
[WhiteElo "2606"]
[BlackElo "2476"]
[TimeControl "180+1"]
[EndTime "9:31:29 PST"]
[Termination "Game drawn by agreement"]

1. c4 c5 2. Nc3 Nc6 3. g3 g6 4.
Bg2 Bg7 5. d3 e5 6. e3 Nge7 7.
Nge2 O-O 8. O-O f5 9. f4 d6 10.
a3 Be6 11. Rb1 a5 12. Qa4 d5 13.
cxd5 Nxd5 14. Nxd5 Bxd5 15. e4 Be6 16. fxe5 Qxd3 17.
Nf4 Qd4+ 18. Qxd4 Nxd4 19. Nxe6 Nxe6 20. exf5 Rxf5 21. Rxf5 gxf5 22. Bxb7 Rd8 23. Bf4 Nxf4 24. gxf4 Rd4 25. Re1 Kf8 26. Rc1 c4 27. Ba6 Rxf4 28. Rxc4 Rxc4 29. Bxc4 Bxe5 30. b4 axb4 31. axb4 Ke7 32.
Kg2 h5 33. h4 Bc3 34. b5 Kd6 35. Be2 Kc5 36. Bd3 Be1 37. Kh3 f4 38. Be2 Bf2 39. Bxh5 Kxb5 40. Be2+ Kc6 41. h5 Kd6 42. Kg4 Ke7 43.
Kg5 Kf8 44. Kg6 Kg8 45. Bf3 Kh8 1/2-1/2

[Event "Early-Titled-Tuesday-Blitz-February-13-2024"]
[Site "Chess.com"]
[Date "2024.02.13"]
[Round "8"]
[White "cyrdap"]
[Black "RantomOpening"]
[Result "1-0"]
[WhiteElo "2636"]
[BlackElo "2486"]
[TimeControl "180+1"]
[EndTime "9:31:30 PST"]
[Termination "cyrdap won by resignation"]

1. e4 c5 2. Nf3 e6 3. d4 cxd4 4. Nxd4 Nf6 5. Nc3 Nc6 6. Bf4 Bb4 7. Nb5 O-O 8. Bc7 Qe7 9. Bd6 Bxd6 10. Qxd6 Qd8 11.
O-O-O a6 12. Nd4 Ne7 13. f3 b5 14. Nb3 Bb7 15. Bd3 Ne8 16. Qd4 d6 17. Qe3 d5 18.
Nc5 d4 19. Nxb7 Qb6 20. Qf2 e5 21. Nd5 Qxb7 22. Qh4 Ng6 23. Qg3 Nc7 24. h4 Nxd5 25. exd5 Nf4 26. Rhe1 Nxd3+ 27. Rxd3 f6 28. f4 Qxd5 29.
fxe5 Qxa2 30. Ra3 Qd5 31. e6 Rfe8 32. Qg4 f5 33. Qe2 Rac8 34. Kb1 Rc6 35. e7 Kf7 36.
Qh5+ g6 37. Qxh7+ Kf6 38. Rg3 Qf7 39. Qh6 Re6 40. Rxg6+ Qxg6 41. Rxe6+ Kxe6 42. Qxg6+ Kxe7 43. Qxf5 d3 44. Qxd3 1-0

[Event "Early-Titled-Tuesday-Blitz-February-13-2024"]
[Site "Chess.com"]
[Date "2024.02.13"]
[Round "8"]
[White "Jaka_Brilej"]
[Black "tylityli"]
[Result "1-0"]
[WhiteElo "2542"]
[BlackElo "2304"]
[TimeControl "180+1"]
[EndTime "9:31:30 PST"]
[Termination "Jaka_Brilej won by resignation"]

1. e4 e5 2. Nf3 Nc6 3. Bc4 Nf6 4.
Ng5 d5 5. exd5 Na5 6. Bb5+ c6 7. dxc6 bxc6 8. Bd3 Ng4 9. Ne4 Be7 10. Be2 Nf6 11.
d3 O-O 12. O-O Nd5 13. c4 Nc7 14. Nbc3 f5 15. Ng3 Ne6 16. Rb1 Nd4 17. b4 Nb7 18. b5 Bd7 19. a4 Nc5 20. f4 Bf6 21. Ba3 Nde6 22. Nxf5 exf4 23. Ne4 Nxe4 24. dxe4 c5 25. Qd5 Qc7 26. Rfd1 Rfd8 27. Bg4 Rac8 28. Nd6 Bd4+ 29.
Rxd4 cxd4 30. Bxe6+ Bxe6 31. Qxe6+ Kh8 32. Nf7+ Qxf7 33. Qxf7 d3 34. c5 d2 35. Rd1 Rf8 36. Qxf8+ Rxf8 37. Rxd2 1-0

[Event "Early-Titled-Tuesday-Blitz-February-13-2024"]
[Site "Chess.com"]
[Date "2024.02.13"]
[Round "8"]
[White "amiqu"]
[Black "Louis-Paulsen-Fan"]
[Result "1-0"]
[WhiteElo "2081"]
[BlackElo "2263"]
[TimeControl "180+1"]
[EndTime "9:31:32 PST"]
[Termination "amiqu won by resignation"]

1. d4 d5 2. c4 e6 3. Nc3 c5 4. cxd5 exd5 5. Nf3 Nc6 6. dxc5 d4 7. Na4 Bxc5 8.
Nxc5 Qa5+ 9. Bd2 Qxc5 10. Rc1 Qb6 11. e3 Nf6 12. Bc4 O-O 13. O-O Bg4 14. exd4 Nxd4 15. Be3 Bxf3 16. Bxd4 Bxd1 17. Bxb6 Bg4 18. Be3 Rfd8 19.
h3 Be6 20. Bxe6 fxe6 21. Rc7 Rd7 22. Rfc1 Rad8 23. Bxa7 b5 24. a3 Rxc7 25. Rxc7 Rd2 26. b4 Rd3 27. Rb7 Rxa3 28. Bc5 Ne4 29. Rxb5 Rb3 30. Rb6 Kf7 31. Bd4 g5 32. Rb7+ Kg6 33.
Rg7+ Kh6 34. Re7 Nd2 35. Rxe6+ Kh5 36. g4+ 1-0

[Event "Early-Titled-Tuesday-Blitz-February-13-2024"]
[Site "Chess.com"]
[Date "2024.02.13"]
[Round "8"]
[White "The_Straightforward_Rook"]
[Black "lucasran"]
[Result "0-1"]
[WhiteElo "2423"]
[BlackElo "2677"]
[TimeControl "180+1"]
[EndTime "9:31:33 PST"]
[Termination "lucasran won by checkmate"]

1. Nf3 Nf6 2. d4 b6 3. c4 e6 4. g3 Bb7 5. Bg2 Be7 6. d5 exd5 7. Nd4 c6 8. cxd5 Nxd5 9. e4 Nc7 10. O-O O-O 11. Nc3 d5 12. exd5 cxd5 13. Bf4 Nba6 14. Qg4 Bf6 15. Rad1 Bc8 16. Qf3 Be6 17. h4 Qd7 18.
Rd2 Bg4 19. Qd3 Nc5 20. Qb1 Bxd4 21. Rxd4 N5e6 22. Rd2 Nxf4 23. gxf4 Bh3 24. Nxd5 Nxd5 25. Rxd5 Qg4 26. Rg5 Qxh4 27. Qd3 Bxg2 28. Kxg2 Qxf4 29. Rg3 Rad8 30. Qa6 Qe4+ 31. Kg1 Rd6 32. Qxa7 Rh6 33. Rg2 Qh4 34. f3 Qd4+ 35. Rff2 Re8 36. Rg4 Re1+ 37.
Kg2 Rh2+ 38. Kxh2 Qxf2+ 39. Kh3 Rh1# 0-1

[Event "Early-Titled-Tuesday-Blitz-February-13-2024"]
[Site "Chess.com"]
[Date "2024.02.13"]
[Round "8"]
[White "HanSchut"]
[Black "dianamirza"]
[Result "1-0"]
[WhiteElo "2271"]
[BlackElo "1966"]
[TimeControl "180+1"]
[EndTime "9:31:33 PST"]
[Termination "HanSchut won by resignation"]

1. e4 d5 2. exd5 Qxd5 3. Nc3 Qd8 4. d4 Nf6 5. Nf3 Bg4 6. h3 Bxf3 7. Qxf3 c6 8. Bf4 Qxd4 9. Nb5 cxb5 10. Bxb5+ Nbd7 11. Qxb7 Qe4+ 12. Qxe4 Nxe4 13. O-O-O Nf6 14. Be5 Rd8 15.
Bxf6 gxf6 16. Rxd7 Rxd7 17. Rd1 Bh6+ 18. Kb1 e5 19.
Rxd7 Kf8 20. Bc4 Bg5 21. Rxf7+ Ke8 22. Rxa7 Rf8 23. Bb5+ Kd8 24. Rxh7 f5 25. Ra7 e4 26. Ra8+ Ke7 27. Rxf8 Kxf8 28. a4 f4 29. b3 Ke7 30.
Kb2 Kd6 31. c3 Kd5 32. Bc4+ Kc5 33. Be2 Kd5 34. b4 f3 35. gxf3 exf3 36. Bxf3+ Kc4 37. Be2+ Kd5 1-0